 Dungeon Crawl Stone Soup version 0.21.1-1-g345015fe64 (webtiles) character file.

32 YourBoobs the Stinger (level 3, 0/19 HPs)
             Began as a Tengu Venom Mage on July 26, 2018.
             Slain by an orc
             ... wielding a +0 trident
              (8 damage)
             ... on level 2 of the Dungeon.
             The game lasted 00:10:14 (1042 turns).

YourBoobs the Stinger (Tengu Venom Mage)            Turns: 1042, Time: 00:10:14

Health: 0/19       AC:  2    Str:  8    XL:     3   Next: 27%
Magic:  4/7        EV: 12    Int: 16    God:
Gold:   47         SH:  0    Dex: 14    Spells: 3/6 levels left

rFire    . . .     SeeInvis .   d - -3 dagger (curse)
rCold    . . .     Gourm    .   (no shield)
rNeg     . . .     Faith    .   a - +0 robe
rPois    .         Spirit   .   (helmet restricted)
rElec    .         Reflect  .   (no cloak)
rCorr    .         Harm     .   (no gloves)
MR       .....                  (boots unavailable)
Stlth    ++........             (no amulet)
HPRegen  0.06/turn              (no ring)
MPRegen  0.10/turn              (no ring)

@: no status effects
A: beak, talons 3
a: no special abilities


You were on level 2 of the Dungeon.
You were not hungry.

You visited 1 branch of the dungeon, and saw 2 of its levels.

You collected 47 gold pieces.

Inventory:

Hand Weapons
 d - a cursed -3 dagger (weapon)
 i - a +0 dagger
 j - a cursed -1 short sword
Missiles
 g - 42 stones (quivered)
Armour
 a - a +0 robe (worn)
 e - a +0 leather armour
Potions
 h - a potion of cancellation {unknown}
 k - a potion of berserk rage {unknown}
 l - a potion of might {unknown}
Books
 b - a Young Poisoner's Handbook

   Spells                             Type                      Level
   a - Sting                          Conjuration/Poison           1
   b - Poisonous Vapours              Poison/Air                   2
   c - Mephitic Cloud                 Conjuration/Poison/Air       3
   d - Olgreb's Toxic Radiance        Poison                       4
   e - Venom Bolt                     Conjuration/Poison           5
Comestibles
 c - 3 rations


   Skills:
 - Level 2.1 Dodging
 - Level 2.0 Stealth
 + Level 2.3 Spellcasting
 * Level 3.1 Conjurations
 + Level 3.3 Poison Magic


You had 3 spell levels left.
You knew the following spells:

 Your Spells              Type           Power        Failure   Level  Hunger
a - Sting                 Conj/Pois      ##..         5%          1    #......
b - Poisonous Vapours     Pois/Air       #.....       16%         2    ###....


Dungeon Overview and Level Annotations

Branches:
Dungeon (2/15)

Altars:


Innate Abilities, Weirdness & Mutations

You have a beak for a mouth.
You have claws for feet.


Message History

Aim: an orc, wielding a trident and wearing a ring mail (heavily wounded)
The sting hits the orc.
The orc appears unharmed.
The orc is heavily wounded.
Casting: Sting
Confirm with . or Enter, or press ? or * to list all spells.
Aiming: Sting
Press: ? - help, Shift-Dir - straight line, f/p - orc
Aim: an orc, wielding a trident and wearing a ring mail (heavily wounded)
The sting hits the orc.
The orc appears unharmed.
The orc is heavily wounded.
The orc hits you with a trident.
Casting: Sting
Confirm with . or Enter, or press ? or * to list all spells.
Aiming: Sting
Press: ? - help, Shift-Dir - straight line, f/p - orc
Aim: an orc, wielding a trident and wearing a ring mail (heavily wounded)
The sting hits the orc.
The orc appears unharmed.
The orc is heavily wounded.
The orc hits you with a trident!
You die...

### ##.## #####
###.#.#########...##
...###.......#.....#####
.##.#.#.####.#..........
<# #.##.##..............
.##.#.#.#.###.#........#
.#.# #....# #.##........
.#. #.#.#.# #...@.......
.# #.##.##...###?o......
.# #. #.###..# ........#
.. . ..# #..##...#...##
##. ### #...........# #.
%.........#.#
#.##.......#.# ###......
#


You could see an orc.

Vanquished Creatures
  4 dart slugs
  8 bats (D:1)
  2 giant cockroaches (D:1)
  2 goblins (D:1)
  A hobgoblin (D:1)
  5 kobolds (D:1)
  2 frilled lizards (D:1)
  A rat (D:2)
25 creatures vanquished.

Notes
Turn   | Place    | Note
-------+----------+-------------------------------------------
     0 | D:1      | YourBoobs the Tengu Venom Mage began the quest for the Orb.
     0 | D:1      | Reached XP level 1. HP: 10/10 MP: 4/4
   170 | D:1      | Reached XP level 2. HP: 13/15 MP: 3/6
   261 | D:1      | Learned a level 2 spell: Poisonous Vapours
   663 | D:1      | Reached XP level 3. HP: 16/19 MP: 5/7
  1042 | D:2      | Slain by an orc

Skill      XL: |  1  2  3 |
---------------+----------+-----
Conjurations   | 2 3 |  3.1
Dodging        | |  2.1
Stealth        | |  2.0
Spellcasting   | |  2.3
Poison Magic   | |  3.3

Action                   || total
-------------------------++-------
Melee: Dagger            ||     8
       Peck              ||     2
Throw: Stone             ||     3
 Cast: Sting             ||    34
 Stab: Sleeping          ||     5
  Eat: Chunk             ||     1
Armor: Robe              ||     7
Dodge: Dodged            ||    17
